 Dungeon Crawl Stone Soup version 0.28-a0-683-ga8797d1ae1 (webtiles) character file.

Game seed: 8219323843928055868

977 mordus the Cudgeller (level 8, -3/58 HPs)
             Began as a Formicid Fighter on Oct 18, 2021.
             Was an Initiate of Qazlal.
             Killed from afar by Dowan (11 damage)
             ... with a puff of flame
             ... on level 5 of the Dungeon.
             The game lasted 00:09:45 (5422 turns).

mordus the Cudgeller (Formicid Fighter)             Turns: 5422, Time: 00:09:46

Health: -3/58      AC:  8    Str: 22    XL:     8   Next: 39%
Magic:  8/8        EV:  9    Int:  9    God:    Qazlal [......]
Gold:   204        SH:  6    Dex: 16    Spells: 7/7 levels left

rFire   . . .      SeeInvis +   a - +0 flail
rCold   . . .      Faith    .   c - +0 buckler
rNeg    . . .      Spirit   .   b - +0 scale mail
rPois   .          Reflect  .   (helmet unavailable)
rElec   .          Harm     .   t - +0 cloak
rCorr   .          Rampage  .   (no gloves)
Will    .....                   (no boots)
Stlth   ..........              (no amulet)
HPRegen 0.19/turn               n - +6 ring of dexterity
MPRegen 0.11/turn               (no ring)

@: no status effects
A: permanent stasis, dig shafts and tunnels, antennae 3, four strong arms
a: Dig, Shaft Self, Renounce Religion


You were on level 5 of the Dungeon.
You worshipped Qazlal.
Qazlal was noncommittal.
You visited 2 branches of the dungeon, and saw 6 of its levels.
You also visited: Sewer.

You collected 204 gold pieces.

Inventory:

Hand Weapons
 a - a +0 flail (weapon)
 r - a +0 whip of venom
Armour
 b - a +0 scale mail (worn)
 c - a +0 buckler (worn)
 t - a +0 cloak (worn)
Jewellery
 j - a ring of fire
 n - a +6 ring of dexterity (left hand)
 s - a ring of poison resistance
Scrolls
 g - a scroll of fog {unknown}
 h - 2 scrolls of teleportation {unknown}
 i - a scroll of vulnerability {unknown}
 k - 2 scrolls of enchant weapon {unknown}
 l - 4 scrolls of identify {unknown}
 m - 2 scrolls of noise {unknown}
 q - 2 scrolls of blinking {unknown}
 v - a scroll of magic mapping {unknown}
 y - a scroll of silence {unknown}
Potions
 d - a potion of might
 e - 2 potions of haste {unknown}
 f - a potion of attraction {unknown}
 o - 3 potions of heal wounds
 p - a potion of flight
 u - a potion of curing {unknown}
 w - 4 potions of lignification {unknown}
 x - 2 potions of ambrosia {unknown}


   Skills:
 - Level 3.2 Fighting
 * Level 6.8 Maces & Flails
 + Level 5.9 Armour
 + Level 6.5 Shields


You had 7 spell levels left.
You didn't know any spells.
Your spell library was empty.

Dungeon Overview and Level Annotations

Branches:
Dungeon (5/15)             Temple (1/1) D:4           Sewer (visited)

Altars:
Ashenzari
Dithmenos
Fedhas
Gozag
Hepliaklqana
Kikubaaqudgha
Nemelex Xobeh
Okawaru
Qazlal
Ru
Sif Muna
Trog
Uskayaw
Vehumet
Wu Jian
Xom
Yredelemnul
Zin

Annotations:
D:4 1 transporter, lawman0's ghost, weakling DrDe
D:5 Dowan; Duvessa


Innate Abilities, Weirdness & Mutations

You cannot be hasted, slowed, berserked, paralysed or teleported.
You can dig through walls and to a lower floor.
You have a pair of large antennae on your head. (SInv)
Your four strong arms can wield two-handed weapons with a shield.


Message History

Duvessa hits you with a +0 short sword. x2
You hit Duvessa but do no damage.
Duvessa is moderately wounded.
Duvessa zaps a wand.
You easily resist.
You sock Duvessa!
Duvessa is heavily wounded.
Dowan completely misses you. Duvessa hits you with a +0 short sword!
You hit Duvessa but do no damage.
Duvessa is heavily wounded.
Dowan barely misses you. Duvessa barely misses you.
You thump Duvessa!
Duvessa is severely wounded.
Dowan says, "Stay away from my face!"
Dowan casts a spell.
Dowan blinks!
Duvessa hits you with a +0 short sword!
You closely miss Duvessa.
Duvessa is severely wounded.
Dowan points at you and mumbles some strange words.
The puff of flame misses you. You block Duvessa's attack.
You barely miss Duvessa.
Duvessa is severely wounded.
You block Duvessa's attack.
You barely miss Duvessa.
Duvessa is severely wounded.
Duvessa barely misses you.
You hit Duvessa.
Duvessa is severely wounded.
Dowan casts a spell at you. The puff of frost hits you!
* * * LOW HITPOINT WARNING * * *
Duvessa hits you with a +0 short sword.
* * * LOW HITPOINT WARNING * * *
You hit Duvessa but do no damage.
Duvessa is severely wounded.
Dowan barely misses you. Duvessa closely misses you.
You hit Duvessa.
Duvessa is almost dead.
Dowan points at you and mumbles some strange words.
The puff of flame hits you!
You die...

#. ....... ..........# .......
#.(.....#.# .......
#.......#.## .......
########.........###### #
#......#..(..........e### ##
#.............#..####.e.####.
#...........e.##....###....#.
###...........@e##.##.######...
.$.......#.........##....####.#
##......##...###.)<..##..#####
........<###### #.###..##......
.........# #.# ##.########
...####### #.####.# .. #.<.##.#
. ###.##(# # #..#)## #


You could see Duvessa and Dowan.

Vanquished Creatures
  Sigmund (D:4)
  A centaur (D:5)
  2 phantoms
  A kobold brigand (Sewer)
  A scorpion (D:4)
  A hound (D:5)
  An orc priest (D:5)
  A bullfrog skeleton (D:5)
  An iguana (D:4)
  Natasha (thrice) (D:4)
  3 orc wizards
  A hound skeleton (D:4)
  6 adders
  A river rat (Sewer)
  3 adder skeletons (D:4)
  2 worms
  2 dart slugs (D:1)
  12 orcs
  6 endoplasms
  7 giant cockroaches
  9 goblins
  4 hobgoblins (D:1)
  6 jackals
  9 kobolds
  4 quokkas
  10 ball pythons
  3 bats (D:2)
  12 frilled lizards
  13 rats
126 creatures vanquished.

Vanquished Creatures (others)
  2 plants (D:1)
2 creatures vanquished.

Grand Total: 128 creatures vanquished

Notes
Turn   | Place    | Note
-------+----------+-------------------------------------------
     0 | D:1      | mordus the Formicid Fighter began the quest for the Orb.
     0 | D:1      | Reached XP level 1. HP: 18/18 MP: 1/1
   204 | D:1      | Reached XP level 2. HP: 23/24 MP: 2/2
   318 | D:1      | Reached XP level 3. HP: 26/29 MP: 3/3
   970 | D:1      | Found a faded altar of an unknown god.
  1138 | D:1      | Reached XP level 4. HP: 35/35 MP: 4/4
  1384 | D:2      | Found a shadowy altar of Dithmenos.
  2158 | D:3      | Found a shadowy altar of Dithmenos.
  2164 | D:3      | Reached XP level 5. HP: 34/41 MP: 5/5
  2261 | D:3      | Found a glowing drain.
  2281 | Sewer    | Entered a sewer
  2353 | Sewer    | Noticed a kobold brigand
  2372 | Sewer    | Killed a kobold brigand
  2564 | Sewer    | Found a white marble altar of Elyvilon.
  2942 | D:3      | Reached XP level 6. HP: 47/47 MP: 6/6
  3032 | D:3      | Reached skill level 5 in Shields
  3470 | D:4      | Reached skill level 5 in Maces & Flails
  3470 | D:4      | Noticed Natasha
  3488 | D:4      | Killed Natasha
  3489 | D:4      | Reached XP level 7. HP: 16/52 MP: 7/7
  3820 | D:4      | Reached skill level 5 in Armour
  3822 | D:4      | Noticed Natasha
  3835 | D:4      | Killed Natasha
  3882 | D:4      | Noticed Natasha
  3889 | D:4      | Killed Natasha
  4011 | D:4      | Found a transporter.
  4012 | D:4      | Noticed lawman0's ghost (weakling DrDe)
  4013 | D:4      | Identified the +8 dire flail of Exepridi {venom, Dex+2}
  4043 | D:4      | Found a staircase to the Ecumenical Temple.
  4088 | Temple   | Entered the Ecumenical Temple
  4202 | Temple   | Became a worshipper of Qazlal Stormbringer
  4292 | D:4      | Noticed Sigmund
  4309 | D:4      | Killed Sigmund
  4527 | D:4      | Found a broken altar of Ashenzari.
  4596 | D:5      | Entered Level 5 of the Dungeon
  4597 | D:5      | Noticed Dowan
  4597 | D:5      | Noticed Duvessa
  4921 | D:5      | Reached XP level 8. HP: 56/58 MP: 8/8
  5422 | D:5      | Killed from afar by Dowan

Illustrated notes

Levels and vault maps discovered:
D:1:      wander_arrival_fairy_ring, layout_loops_cross,
          shapermc_ecumenical_altar_notcrosses, st_stairs_1, minmay_lizard_pond
D:2:      layout_rooms, basic_altar
D:3:      layout_rooms, nicolae_dithmenos_through_a_glass_darkly,
          portal_sewer_entry_b
D:4:      layout_rooms, lemuel_coloured_pillars_altar,
          minmay_temple_entry_ruins, gammafunk_ghost_smash, uniq_sigmund,
          uniq_natasha
D:5:      layout_rooms, nicolae_ossuary_entry_plus, uniq_duvessa
Temple:   kb_temple_of_zot

Skill      XL: |  1  2  3  4  5  6  7 |
---------------+----------------------+-----
Shields        | 4 5 6 |  6.5
Maces & Flails | 3 4 5 6 |  6.8
Armour         | 4 5 |  5.9
Fighting       | |  3.2

Action                   |  1- 3 |  4- 6 |  7- 9 || total
-------------------------+-------+-------+-------++-------
Melee: Flail             |   122 |   218 |   139 ||   479
       Unarmed           |       |       |     8 ||     8
 Abil: Dig               |       |     2 |       ||     2
  Use: Potion            |       |     1 |       ||     1
Armor: Scale mail        |    51 |    96 |    43 ||   190
Dodge: Dodged            |    61 |    97 |    53 ||   211
Block: Buckler           |    28 |    46 |    34 ||   108

Table legend: (Time is in decaauts)
 A = Elapsed time spent in this place.
 B = Non-inter-level travel time spent in this place.
 C = Inter-level travel time spent in this place.
 D = Time resting spent in this place.
 E = Time spent auto-exploring this place.
 F = Levels seen in this place.
 G = Mean time per level.
                   A        B        C        D        E       F      G
               +--------+--------+--------+--------+--------+-----+--------+
         Total |   5562 |   5486 |     76 |   1172 |   2870 |   7 |  794.6 |
       Dungeon |   4754 |   4678 |     76 |   1013 |   2651 |   5 |  950.8 |
        Temple |    167 |    167 |      0 |      0 |     63 |   1 |  167.0 |
         Sewer |    640 |    640 |      0 |    159 |    156 |   1 |  640.0 |
               +--------+--------+--------+--------+--------+-----+--------+

Top non-repeatable levels by time:
     D:4: 1647 daAuts
     D:1: 1300 daAuts
     D:2: 819 daAuts
     D:3: 643 daAuts
   Sewer: 640 daAuts
     D:5: 342 daAuts
  Temple: 167 daAuts
